General information
- name: BNet
- type: Ladder team game (AT/RT)
- host: Battle.net
- saver: fineX
map: SunrockCove
- players: 6
- length: 75:44
- speed: Fast
- version: 1.21 W3XP
- replay type: Public
» download(360 KB)
Players
team 1 (winner)
fineX (
teal | 46 APM | 3461 actions | 75:44)
4 Archmage
2 Blizzard
2 Brilliance Aura
2 Blood Mage
1 Flame Strike
1 Banish
» actions
| Assign group hotkey | 19 | |
| Basic commands | 25 | |
| Build / train | 178 | |
| Enter build submenu | 123 | |
| Enter hero's abilities submenu | 6 | |
| Give item / drop item | 1 | |
| Right click | 1490 | |
| Select / deselect | 691 | |
| Select group hotkey | 436 | |
| Use ability | 492 | |
3461 total
» units
| Peasant | 17 | |
| Mortar Team | 5 | |
| Goblin Zeppelin | 1 | |
23 total
» upgrades
| Masonry | 3 | |
| Magic Sentry | 1 | |
| Gunpowder | 2 | |
| Fragmentation Shards | 1 | |
| Flare | 1 | |
8 total
» buildings
| Altar of Kings | 1 | |
| Lumber Mill | 1 | |
| Farm | 6 | |
| Scout Tower | 347 | |
| Guard Tower | 119 | |
| Arcane Tower | 3 | |
| Arcane Vault | 1 | |
| Keep | 1 | |
| Blacksmith | 1 | |
| Arcane Sanctum | 1 | |
| Workshop | 4 | |
| Castle | 1 | |
| Town Hall | 3 | |
| Cannon Tower | 5 | |
494 total
» build order
00:07 Altar of Kings
00:14 Lumber Mill
00:33 Farm
01:32 Scout Tower
01:36 Scout Tower
01:44 Scout Tower
01:48 Farm
02:03 Guard Tower
02:06 Scout Tower
02:07 Scout Tower
02:08 Guard Tower
02:22 Guard Tower
02:29 Scout Tower
02:31 Scout Tower
02:38 Guard Tower
02:40 Scout Tower
02:40 Scout Tower
03:05 Scout Tower
03:06 Scout Tower
03:07 Guard Tower
03:22 Guard Tower
03:25 Guard Tower
03:26 Scout Tower
03:31 Scout Tower
03:35 Guard Tower
03:37 Scout Tower
03:38 Scout Tower
03:55 Guard Tower
03:58 Arcane Tower
04:00 Scout Tower
04:00 Scout Tower
04:16 Guard Tower
04:28 Arcane Vault
04:38 Scout Tower
04:39 Scout Tower
04:42 Scout Tower
04:44 Keep
04:48 Guard Tower
05:00 Scout Tower
05:02 Scout Tower
05:23 Guard Tower
05:27 Scout Tower
05:27 Scout Tower
05:32 Guard Tower
05:35 Scout Tower
05:35 Scout Tower
05:41 Arcane Tower
05:56 Scout Tower
05:58 Scout Tower
06:00 Arcane Tower
06:24 Guard Tower
06:25 Scout Tower
06:26 Scout Tower
06:37 Scout Tower
06:52 Guard Tower
06:56 Blacksmith
07:03 Guard Tower
07:06 Scout Tower
07:07 Scout Tower
07:10 Guard Tower
07:30 Scout Tower
07:33 Scout Tower
07:34 Scout Tower
07:53 Scout Tower
07:53 Scout Tower
07:54 Scout Tower
07:55 Scout Tower
08:09 Guard Tower
08:12 Scout Tower
08:13 Scout Tower
08:15 Scout Tower
08:16 Scout Tower
08:24 Arcane Sanctum
08:31 Workshop
09:34 Guard Tower
10:34 Farm
10:39 Castle
10:41 Workshop
11:32 Guard Tower
11:43 Workshop
11:46 Workshop
11:51 Scout Tower
11:53 Scout Tower
12:00 Farm
12:02 Farm
12:23 Guard Tower
12:45 Guard Tower
14:44 Scout Tower
17:33 Scout Tower
17:35 Scout Tower
17:36 Scout Tower
18:18 Guard Tower
18:45 Guard Tower
19:13 Guard Tower
19:15 Scout Tower
19:16 Scout Tower
19:17 Scout Tower
20:09 Scout Tower
20:12 Scout Tower
20:13 Scout Tower
20:14 Scout Tower
20:15 Scout Tower
21:18 Farm
21:28 Guard Tower
22:32 Scout Tower
22:34 Scout Tower
22:37 Scout Tower
22:39 Scout Tower
22:43 Scout Tower
22:44 Scout Tower
22:48 Town Hall
22:51 Scout Tower
22:52 Scout Tower
23:13 Guard Tower
23:14 Guard Tower
23:18 Scout Tower
23:22 Scout Tower
23:23 Scout Tower
23:24 Scout Tower
23:24 Scout Tower
23:26 Scout Tower
23:27 Scout Tower
23:38 Guard Tower
24:48 Guard Tower
26:26 Guard Tower
26:48 Scout Tower
26:50 Scout Tower
26:50 Scout Tower
26:51 Scout Tower
26:52 Scout Tower
27:33 Cannon Tower
29:29 Guard Tower
35:17 Scout Tower
35:18 Scout Tower
35:21 Scout Tower
35:22 Scout Tower
35:35 Scout Tower
35:36 Scout Tower
35:38 Scout Tower
36:03 Guard Tower
36:05 Guard Tower
36:08 Guard Tower
36:14 Guard Tower
36:24 Scout Tower
36:25 Scout Tower
36:26 Scout Tower
36:53 Cannon Tower
37:36 Cannon Tower
37:48 Scout Tower
37:49 Scout Tower
37:52 Scout Tower
37:53 Scout Tower
37:54 Scout Tower
37:58 Scout Tower
38:01 Scout Tower
38:18 Guard Tower
38:25 Guard Tower
38:52 Guard Tower
38:55 Cannon Tower
39:09 Scout Tower
39:10 Scout Tower
39:11 Scout Tower
39:50 Guard Tower
40:42 Scout Tower
40:43 Scout Tower
40:45 Scout Tower
41:20 Scout Tower
41:21 Scout Tower
41:22 Scout Tower
41:24 Scout Tower
41:26 Guard Tower
41:27 Guard Tower
41:45 Scout Tower
41:45 Scout Tower
41:48 Scout Tower
41:52 Scout Tower
41:54 Scout Tower
42:23 Scout Tower
42:25 Scout Tower
42:29 Scout Tower
42:32 Scout Tower
42:36 Cannon Tower
42:38 Guard Tower
43:04 Scout Tower
43:05 Scout Tower
43:11 Guard Tower
43:20 Scout Tower
43:21 Scout Tower
43:30 Scout Tower
43:34 Scout Tower
44:10 Guard Tower
44:17 Guard Tower
44:57 Guard Tower
45:08 Scout Tower
45:09 Scout Tower
45:12 Scout Tower
45:12 Scout Tower
45:22 Scout Tower
45:24 Guard Tower
46:00 Scout Tower
46:01 Scout Tower
46:02 Scout Tower
46:03 Guard Tower
46:48 Guard Tower
46:54 Scout Tower
46:59 Scout Tower
47:00 Scout Tower
47:01 Scout Tower
47:02 Scout Tower
47:41 Guard Tower
47:48 Scout Tower
47:49 Scout Tower
47:50 Scout Tower
47:51 Scout Tower
47:52 Scout Tower
47:53 Scout Tower
47:55 Scout Tower
47:56 Scout Tower
48:01 Scout Tower
48:02 Scout Tower
48:03 Scout Tower
48:04 Scout Tower
48:05 Scout Tower
48:40 Guard Tower
48:52 Guard Tower
48:58 Scout Tower
49:00 Scout Tower
49:02 Scout Tower
49:03 Scout Tower
49:03 Scout Tower
49:04 Scout Tower
49:05 Scout Tower
49:20 Scout Tower
50:16 Guard Tower
50:20 Scout Tower
50:21 Scout Tower
50:22 Scout Tower
50:24 Scout Tower
50:26 Scout Tower
50:30 Guard Tower
50:33 Scout Tower
50:35 Scout Tower
50:37 Scout Tower
50:38 Scout Tower
50:39 Scout Tower
50:42 Scout Tower
50:43 Scout Tower
50:45 Scout Tower
50:47 Scout Tower
51:08 Guard Tower
51:12 Guard Tower
51:18 Scout Tower
51:19 Scout Tower
51:19 Scout Tower
51:21 Scout Tower
51:22 Scout Tower
51:26 Scout Tower
51:27 Scout Tower
51:28 Scout Tower
51:29 Scout Tower
51:32 Scout Tower
51:55 Guard Tower
52:03 Scout Tower
52:03 Scout Tower
52:04 Scout Tower
52:09 Scout Tower
52:09 Scout Tower
52:11 Scout Tower
52:12 Scout Tower
52:13 Scout Tower
52:17 Guard Tower
52:23 Guard Tower
52:32 Scout Tower
52:33 Scout Tower
52:34 Scout Tower
52:35 Scout Tower
52:36 Scout Tower
52:47 Guard Tower
52:50 Scout Tower
52:51 Scout Tower
52:53 Scout Tower
52:54 Scout Tower
52:56 Scout Tower
52:57 Scout Tower
52:59 Scout Tower
53:10 Guard Tower
53:22 Town Hall
54:01 Town Hall
54:03 Guard Tower
54:20 Guard Tower
55:06 Scout Tower
55:07 Scout Tower
55:08 Scout Tower
55:10 Scout Tower
55:11 Scout Tower
55:18 Scout Tower
55:19 Scout Tower
56:11 Guard Tower
56:13 Guard Tower
56:26 Scout Tower
56:27 Scout Tower
56:27 Scout Tower
58:46 Scout Tower
58:47 Scout Tower
58:49 Scout Tower
58:49 Scout Tower
58:50 Scout Tower
58:51 Scout Tower
58:54 Scout Tower
59:05 Scout Tower
59:06 Scout Tower
59:07 Scout Tower
59:08 Scout Tower
59:09 Scout Tower
59:10 Scout Tower
59:11 Scout Tower
60:07 Guard Tower
60:11 Scout Tower
60:11 Scout Tower
60:12 Scout Tower
60:13 Scout Tower
60:14 Scout Tower
60:14 Scout Tower
60:35 Guard Tower
60:56 Guard Tower
61:07 Guard Tower
61:12 Scout Tower
61:13 Scout Tower
61:15 Scout Tower
61:22 Scout Tower
61:23 Scout Tower
61:24 Scout Tower
61:26 Scout Tower
61:26 Scout Tower
61:51 Guard Tower
62:03 Guard Tower
62:08 Scout Tower
62:08 Scout Tower
62:11 Scout Tower
62:13 Scout Tower
62:15 Scout Tower
62:19 Guard Tower
62:40 Guard Tower
62:44 Guard Tower
62:47 Scout Tower
62:50 Scout Tower
62:51 Scout Tower
62:53 Scout Tower
63:01 Guard Tower
63:03 Guard Tower
63:08 Scout Tower
63:09 Scout Tower
63:10 Scout Tower
63:12 Guard Tower
63:35 Guard Tower
63:44 Guard Tower
63:47 Guard Tower
63:54 Scout Tower
63:56 Scout Tower
63:59 Scout Tower
64:01 Scout Tower
64:02 Scout Tower
64:27 Guard Tower
64:59 Guard Tower
65:04 Scout Tower
65:05 Scout Tower
65:07 Scout Tower
65:20 Guard Tower
65:26 Scout Tower
65:52 Guard Tower
65:55 Scout Tower
65:56 Scout Tower
65:58 Scout Tower
65:59 Scout Tower
66:02 Scout Tower
66:04 Scout Tower
66:17 Guard Tower
66:20 Scout Tower
66:21 Scout Tower
66:22 Scout Tower
66:23 Scout Tower
66:24 Scout Tower
66:25 Scout Tower
66:27 Scout Tower
66:27 Scout Tower
67:06 Scout Tower
67:07 Scout Tower
67:09 Scout Tower
67:11 Scout Tower
67:13 Scout Tower
67:15 Scout Tower
67:15 Scout Tower
67:17 Scout Tower
67:18 Scout Tower
67:20 Scout Tower
68:24 Guard Tower
68:29 Scout Tower
68:31 Scout Tower
68:33 Scout Tower
68:35 Scout Tower
68:36 Scout Tower
68:37 Scout Tower
68:38 Scout Tower
68:41 Scout Tower
68:42 Scout Tower
68:43 Scout Tower
68:45 Scout Tower
68:52 Guard Tower
68:58 Scout Tower
69:00 Scout Tower
69:00 Scout Tower
69:04 Scout Tower
69:05 Scout Tower
69:20 Guard Tower
69:25 Scout Tower
69:26 Scout Tower
69:28 Scout Tower
69:30 Scout Tower
69:31 Scout Tower
69:32 Scout Tower
69:33 Scout Tower
69:35 Scout Tower
69:36 Scout Tower
69:38 Scout Tower
69:40 Scout Tower
69:41 Scout Tower
69:44 Scout Tower
69:44 Scout Tower
69:47 Scout Tower
69:48 Scout Tower
69:49 Scout Tower
69:51 Scout Tower
69:52 Scout Tower
69:54 Scout Tower
69:55 Scout Tower
69:56 Scout Tower
69:57 Scout Tower
69:59 Scout Tower
70:00 Scout Tower
70:04 Guard Tower
70:10 Guard Tower
70:12 Scout Tower
70:14 Scout Tower
70:15 Scout Tower
70:16 Scout Tower
70:19 Scout Tower
70:21 Scout Tower
70:23 Scout Tower
70:29 Guard Tower
70:31 Guard Tower
70:48 Guard Tower
70:56 Guard Tower
70:59 Guard Tower
71:06 Guard Tower
71:31 Guard Tower
71:42 Guard Tower
71:59 Guard Tower
72:04 Guard Tower
72:13 Guard Tower
72:16 Guard Tower
72:25 Guard Tower
72:40 Guard Tower
72:45 Guard Tower
72:51 Guard Tower
72:59 Scout Tower
73:00 Scout Tower
73:02 Scout Tower
73:05 Scout Tower
73:06 Scout Tower
73:09 Guard Tower
73:17 Guard Tower
73:20 Scout Tower
73:21 Scout Tower
73:22 Scout Tower
73:24 Scout Tower
73:26 Scout Tower
73:26 Scout Tower
73:27 Scout Tower
73:28 Scout Tower
73:29 Scout Tower
73:32 Guard Tower
73:38 Guard Tower
73:55 Guard Tower
73:57 Guard Tower
74:02 Guard Tower
74:06 Guard Tower
74:26 Guard Tower
74:29 Guard Tower
74:35 Scout Tower
74:39 Scout Tower
74:40 Scout Tower
74:56 Guard Tower
75:04 Guard Tower
75:07 Scout Tower
» items
| Staff of Teleportation | 2 | |
| Boots of Speed | 2 | |
| Healing Salve | 2 | |
| Lesser Clarity Potion | 3 | |
9 total
GOKUMAN69 (
yellow | 40 APM | 2983 actions | 75:28)
8 Blademaster
3 Wind Walk
3 Critical Strike
1 Bladestorm
1 Mirror Image
» actions
| Basic commands | 10 | |
| Build / train | 84 | |
| Enter build submenu | 162 | |
| Enter hero's abilities submenu | 8 | |
| Give item / drop item | 7 | |
| Remove unit from queue | 4 | |
| Right click | 1642 | |
| Select / deselect | 711 | |
| Use ability | 355 | |
2983 total
» units
| Peon | 12 | |
| Troll Batrider | 25 | |
| Wind Rider | 8 | |
| Goblin Zeppelin | 1 | |
46 total
» upgrades
| Ranged Weapons | 3 | |
| Armor | 3 | |
| Reinforced Defenses | 1 | |
| Liquid Fire | 1 | |
| Envenomed Spears | 1 | |
| Spiked Barricades | 2 | |
11 total
» buildings
| Altar of Storms | 1 | |
| Orc Burrow | 4 | |
| War Mill | 1 | |
| Watch Tower | 178 | |
| Voodoo Lounge | 1 | |
| Stronghold | 1 | |
| Fortress | 1 | |
| Beastiary | 2 | |
| Great Hall | 4 | |
193 total
» build order
00:08 Altar of Storms
00:27 Orc Burrow
00:47 War Mill
02:03 Watch Tower
02:06 Watch Tower
02:16 Voodoo Lounge
02:55 Stronghold
03:08 Watch Tower
03:23 Watch Tower
03:27 Watch Tower
04:07 Watch Tower
04:18 Orc Burrow
04:35 Watch Tower
04:53 Watch Tower
04:55 Watch Tower
04:56 Watch Tower
04:57 Watch Tower
05:03 Watch Tower
05:19 Fortress
05:42 Beastiary
06:51 Beastiary
06:55 Orc Burrow
07:00 Watch Tower
07:01 Watch Tower
07:01 Watch Tower
07:02 Watch Tower
07:26 Watch Tower
09:57 Orc Burrow
12:19 Watch Tower
12:20 Watch Tower
12:34 Watch Tower
16:03 Watch Tower
16:04 Watch Tower
16:26 Watch Tower
16:28 Watch Tower
16:28 Watch Tower
17:24 Watch Tower
17:26 Watch Tower
17:35 Great Hall
17:37 Watch Tower
17:39 Watch Tower
17:40 Watch Tower
17:41 Watch Tower
17:42 Watch Tower
17:43 Watch Tower
17:44 Watch Tower
18:24 Watch Tower
18:25 Watch Tower
18:29 Watch Tower
18:30 Watch Tower
18:35 Watch Tower
18:50 Watch Tower
19:55 Watch Tower
19:56 Watch Tower
20:10 Watch Tower
20:11 Watch Tower
20:13 Watch Tower
20:13 Watch Tower
23:23 Watch Tower
23:25 Watch Tower
23:26 Watch Tower
23:29 Watch Tower
23:31 Watch Tower
25:22 Watch Tower
25:23 Watch Tower
25:25 Watch Tower
28:51 Great Hall
28:53 Watch Tower
28:54 Watch Tower
28:56 Watch Tower
28:57 Watch Tower
29:52 Watch Tower
29:53 Watch Tower
30:01 Watch Tower
30:02 Watch Tower
31:08 Watch Tower
31:10 Watch Tower
33:51 Watch Tower
33:52 Watch Tower
33:53 Watch Tower
33:53 Watch Tower
33:55 Watch Tower
33:56 Watch Tower
34:36 Watch Tower
35:09 Watch Tower
35:10 Watch Tower
35:11 Watch Tower
35:12 Watch Tower
35:14 Watch Tower
35:15 Watch Tower
35:16 Watch Tower
35:16 Watch Tower
36:37 Watch Tower
36:42 Watch Tower
36:42 Watch Tower
36:43 Watch Tower
37:53 Watch Tower
37:55 Watch Tower
37:56 Watch Tower
37:56 Watch Tower
39:42 Watch Tower
39:44 Watch Tower
43:55 Watch Tower
44:56 Watch Tower
44:58 Watch Tower
45:00 Watch Tower
45:01 Watch Tower
45:02 Watch Tower
45:04 Watch Tower
45:29 Watch Tower
45:38 Watch Tower
45:51 Watch Tower
45:53 Watch Tower
45:55 Watch Tower
45:57 Watch Tower
45:58 Watch Tower
47:20 Watch Tower
47:21 Watch Tower
47:24 Watch Tower
47:25 Watch Tower
47:26 Watch Tower
47:27 Watch Tower
50:31 Great Hall
50:37 Watch Tower
50:39 Watch Tower
50:40 Watch Tower
50:46 Watch Tower
51:47 Watch Tower
51:49 Watch Tower
51:51 Watch Tower
51:55 Watch Tower
51:59 Great Hall
52:06 Watch Tower
52:07 Watch Tower
52:15 Watch Tower
52:18 Watch Tower
52:22 Watch Tower
53:12 Watch Tower
54:06 Watch Tower
54:07 Watch Tower
55:58 Watch Tower
55:58 Watch Tower
56:14 Watch Tower
56:19 Watch Tower
56:21 Watch Tower
57:04 Watch Tower
57:25 Watch Tower
57:42 Watch Tower
57:44 Watch Tower
58:21 Watch Tower
59:40 Watch Tower
59:42 Watch Tower
60:06 Watch Tower
60:15 Watch Tower
60:21 Watch Tower
61:07 Watch Tower
61:15 Watch Tower
62:00 Watch Tower
62:15 Watch Tower
62:16 Watch Tower
62:18 Watch Tower
62:18 Watch Tower
62:21 Watch Tower
62:23 Watch Tower
62:23 Watch Tower
62:25 Watch Tower
62:26 Watch Tower
62:27 Watch Tower
66:31 Watch Tower
66:39 Watch Tower
71:30 Watch Tower
71:31 Watch Tower
71:36 Watch Tower
71:38 Watch Tower
74:00 Watch Tower
74:01 Watch Tower
74:02 Watch Tower
74:04 Watch Tower
74:11 Watch Tower
74:13 Watch Tower
74:14 Watch Tower
74:17 Watch Tower
74:19 Watch Tower
74:20 Watch Tower
74:21 Watch Tower
74:23 Watch Tower
74:24 Watch Tower
74:25 Watch Tower
74:26 Watch Tower
75:14 Watch Tower
75:15 Watch Tower
75:17 Watch Tower
75:18 Watch Tower
» items
| Healing Salve | 3 | |
| Lesser Clarity Potion | 7 | |
| Boots of Speed | 1 | |
| Staff of Teleportation | 1 | |
| Orb of Lightning | 1 | |
13 total
Schteen (
purple | 29 APM | 2214 actions | 75:28)
6 Warden
3 Shadow Strike
3 Blink
» actions
| Assign group hotkey | 5 | |
| Basic commands | 6 | |
| Build / train | 51 | |
| ESC pressed | 2 | |
| Enter build submenu | 27 | |
| Enter hero's abilities submenu | 6 | |
| Give item / drop item | 4 | |
| Remove unit from queue | 1 | |
| Right click | 1611 | |
| Select / deselect | 265 | |
| Select group hotkey | 27 | |
| Use ability | 207 | |
2214 total
» units
| Wisp | 24 | |
| Goblin Zeppelin | 1 | |
| Chimaera | 2 | |
27 total
» upgrades
| Druid of the Talon Training | 1 | |
| Corrosive Breath | 1 | |
| Strength of the Wild | 3 | |
| Reinforced Hides | 2 | |
| Well Spring | 1 | |
| Ultravision | 1 | |
9 total
» buildings
| Altar of Elders | 2 | |
| Moon Well | 9 | |
| Tree of Ages | 2 | |
| Tree of Eternity | 2 | |
| Hunter's Hall | 1 | |
| Tree of Life | 2 | |
| Ancient of Wind | 1 | |
| Ancient of Lore | 1 | |
| Chimaera Roost | 2 | |
22 total
» build order
00:08 Altar of Elders
00:20 Moon Well
01:41 Moon Well
05:48 Tree of Ages
07:40 Moon Well
08:12 Tree of Eternity
14:02 Hunter's Hall
15:05 Tree of Life
15:12 Ancient of Wind
15:22 Ancient of Lore
17:41 Tree of Ages
18:10 Moon Well
18:11 Moon Well
25:02 Altar of Elders
27:39 Tree of Eternity
41:34 Tree of Life
49:00 Chimaera Roost
51:29 Chimaera Roost
75:18 Moon Well
75:19 Moon Well
75:20 Moon Well
75:21 Moon Well
» items
| Boots of Speed | 1 | |
| Orb of Lightning | 1 | |
| Staff of Teleportation | 1 | |
3 total
team 2 (loser)
13lackBall (
green | 48 APM | 3128 actions | 65:36)
5 Tauren Chieftain
2 War Stomp
3 Endurance Aura
» actions
| Basic commands | 239 | |
| Build / train | 82 | |
| Enter build submenu | 46 | |
| Enter hero's abilities submenu | 6 | |
| Give item / drop item | 1 | |
| Remove unit from queue | 3 | |
| Right click | 1796 | |
| Select / deselect | 868 | |
| Use ability | 87 | |
3128 total
» units
| Peon | 15 | |
| Grunt | 4 | |
| Demolisher | 26 | |
| Tauren | 6 | |
| Shaman | 3 | |
| Goblin Zeppelin | 2 | |
56 total
» upgrades
| Melee Weapons | 1 | |
| Armor | 1 | |
| Berserker Strength | 1 | |
| Shaman Training | 2 | |
| Witch Doctor Training | 1 | |
| Pulverize | 1 | |
| Burning Oil | 1 | |
| Ranged Weapons | 1 | |
| Reinforced Defenses | 1 | |
| Spiked Barricades | 1 | |
11 total
» buildings
| Altar of Storms | 1 | |
| Barracks | 2 | |
| Orc Burrow | 9 | |
| Voodoo Lounge | 2 | |
| War Mill | 1 | |
| Stronghold | 1 | |
| Fortress | 1 | |
| Spirit Lodge | 1 | |
| Great Hall | 1 | |
| Tauren Totem | 2 | |
| Watch Tower | 19 | |
| Beastiary | 2 | |
42 total
» build order
00:06 Altar of Storms
00:12 Barracks
00:33 Orc Burrow
00:55 Barracks
01:34 Orc Burrow
01:39 Voodoo Lounge
01:45 Voodoo Lounge
02:04 War Mill
02:15 Stronghold
03:18 Orc Burrow
03:40 Orc Burrow
04:51 Fortress
04:56 Spirit Lodge
05:03 Orc Burrow
07:50 Great Hall
08:00 Tauren Totem
08:06 Orc Burrow
09:55 Tauren Totem
17:46 Orc Burrow
17:47 Orc Burrow
19:54 Watch Tower
22:59 Watch Tower
23:06 Watch Tower
23:07 Watch Tower
23:09 Watch Tower
23:10 Watch Tower
23:11 Watch Tower
23:13 Watch Tower
27:38 Watch Tower
27:40 Watch Tower
31:04 Watch Tower
31:05 Watch Tower
31:07 Watch Tower
31:09 Watch Tower
31:14 Watch Tower
36:09 Beastiary
36:12 Beastiary
36:17 Orc Burrow
36:50 Watch Tower
36:53 Watch Tower
36:57 Watch Tower
37:03 Watch Tower
» items
| Dust of Appearance | 1 | |
| Scroll of Town Portal | 1 | |
2 total
clutz (
pink | 56 APM | 4190 actions | 75:27)
5 Death Knight
3 Death Coil
2 Unholy Aura
4 Lich
2 Frost Nova
2 Frost Armor
» actions
| Assign group hotkey | 113 | |
| Basic commands | 7 | |
| Build / train | 94 | |
| Enter build submenu | 31 | |
| Enter hero's abilities submenu | 9 | |
| Give item / drop item | 6 | |
| Remove unit from queue | 2 | |
| Right click | 2347 | |
| Select / deselect | 845 | |
| Select group hotkey | 622 | |
| Use ability | 113 | |
4190 total
» units
| Acolyte | 9 | |
| Ghoul | 5 | |
| Crypt Fiend | 34 | |
| Frost Wyrm | 8 | |
56 total
» upgrades
| Creature Attack | 2 | |
| Web | 1 | |
| Freezing Breath | 1 | |
| Creature Carapace | 1 | |
5 total
» buildings
| Graveyard | 1 | |
| Crypt | 2 | |
| Ziggurat | 15 | |
| Altar of Darkness | 1 | |
| Tomb of Relics | 1 | |
| Nerubian Tower | 1 | |
| Halls of the Dead | 2 | |
| Black Citadel | 1 | |
| Sacrificial Pit | 1 | |
| Boneyard | 2 | |
| Spirit Tower | 7 | |
| Necropolis | 1 | |
35 total
» build order
00:05 Graveyard
00:10 Crypt
00:39 Ziggurat
00:58 Altar of Darkness
01:49 Ziggurat
02:09 Tomb of Relics
02:16 Nerubian Tower
04:04 Halls of the Dead
04:04 Halls of the Dead
04:36 Ziggurat
06:08 Ziggurat
06:10 Ziggurat
06:26 Black Citadel
07:25 Sacrificial Pit
08:07 Ziggurat
08:24 Ziggurat
09:24 Boneyard
09:54 Boneyard
12:08 Ziggurat
12:10 Ziggurat
17:47 Spirit Tower
19:40 Necropolis
21:35 Crypt
23:56 Ziggurat
25:43 Spirit Tower
27:30 Spirit Tower
27:35 Spirit Tower
36:15 Ziggurat
36:19 Ziggurat
36:35 Ziggurat
37:02 Ziggurat
37:47 Spirit Tower
38:46 Spirit Tower
38:48 Ziggurat
39:54 Spirit Tower
» items
| Rod of Necromancy | 1 | |
| Dust of Appearance | 3 | |
| Scroll of Town Portal | 4 | |
| Potion of Healing | 1 | |
9 total
pimp8426 (
blue | 61 APM | 2204 actions | 36:13)
1 Blademaster
1 Wind Walk
» actions
| Assign group hotkey | 16 | |
| Basic commands | 14 | |
| Build / train | 20 | |
| ESC pressed | 3 | |
| Enter build submenu | 21 | |
| Enter hero's abilities submenu | 1 | |
| Right click | 1676 | |
| Select / deselect | 172 | |
| Select group hotkey | 220 | |
| Use ability | 61 | |
2204 total
» units
» buildings
| Altar of Storms | 1 | |
| Orc Burrow | 4 | |
| Voodoo Lounge | 1 | |
| Stronghold | 1 | |
| Barracks | 1 | |
| War Mill | 1 | |
| Great Hall | 1 | |
10 total
» build order
00:09 Altar of Storms
00:23 Orc Burrow
03:24 Voodoo Lounge
05:09 Orc Burrow
06:13 Stronghold
06:26 Barracks
09:56 War Mill
12:22 Orc Burrow
13:26 Orc Burrow
24:13 Great Hall
» items
| Healing Salve | 1 | |
| Lesser Clarity Potion | 3 | |
| Dust of Appearance | 2 | |
6 total
Chat log
(00:15 / Allies) GOKUMAN69: .fps
(01:12 / Allies) Schteen: Never towered on this map before :o
(01:21 / Allies) Schteen: Not that I actually tower anyway
(01:54 / All) fineX: yo bros glhf homies
(02:02 / Allies) Schteen: Aww
(02:10 / Allies) Schteen: Blink = fun
(17:09 / Allies) fineX: nice blocking shcteen
(36:20 / All) fineX: what scrubs
(36:23 / All) GOKUMAN69: why you quitin?
(36:28 / All) 13lackBall: we aint
(36:49 / All) Schteen: Ska aldri drikke mer :(
(36:53 / All) clutz: we can tower too bro and only use our heroes but we actually like 2 get more than1 win per day
(37:29 / All) fineX: visit my new website www.heyhowsithangingbro.com! or email me at finex@heyhowsithangingbro.com
(38:31 / Allies) Schteen: Wanted me to expo up there?
(39:54 / Allies) Schteen: Was just checking if they creeped it
(40:58 / All) clutz: d
(40:59 / All) clutz: d
(40:59 / All) clutz: d
(40:59 / All) clutz: d
(41:00 / All) clutz: D
(41:00 / All) clutz: D
(41:01 / All) clutz: d
(41:03 / All) fineX: H
(41:03 / All) fineX: H
(41:04 / All) fineX: H
(41:04 / All) fineX: H
(41:05 / All) clutz: DD
(41:07 / All) clutz: d
(41:07 / All) clutz: d
(41:07 / All) clutz: D
(41:08 / All) clutz: dD
(41:09 / All) clutz: DD
(41:09 / All) clutz: d
(41:09 / All) clutz: D
(41:10 / All) clutz: D
(41:11 / All) clutz: D
(41:12 / All) clutz: dd
(41:17 / All) fineX: ok done
(41:46 / All) 13lackBall: why?
(41:50 / All) 13lackBall: would you guys play like this
(41:53 / All) clutz: cheaters
(41:58 / All) fineX: it only works against noobs
(42:05 / All) 13lackBall: you guys get like 2 wins aday?
(42:06 / All) clutz: that 1 game a day is good eh?
(42:10 / All) fineX: lol
(42:13 / All) fineX: from ur records
(42:15 / All) Schteen: Det gjør folk så sinna, åååå så sinna
(42:18 / All) fineX: u get like 7 losses a day
(42:26 / All) 13lackBall: nah
(42:29 / All) 13lackBall: man
(42:33 / All) clutz: says the 18-20 solo?
(42:40 / All) fineX: hell yeah
(42:43 / All) 13lackBall: who
(42:44 / All) 13lackBall: me?
(42:44 / All) clutz: haha i could rape ur ass in solo anyday
(42:52 / All) fineX: grudge
(42:59 / All) 13lackBall: you guys
(43:01 / All) 13lackBall: suck
(43:06 / All) 13lackBall: play normal we won you
(43:07 / All) fineX: then how come ur losing
(43:08 / All) 13lackBall: own
(43:16 / All) clutz: cause we dont like 2 sit here all day
(43:19 / All) clutz: and only get 1 win
(43:24 / All) fineX: lol then leave
(43:24 / All) fineX: noob
(43:26 / All) 13lackBall: noobs
(43:29 / All) Schteen: noob
(43:30 / All) 13lackBall: we got 30 wins
(43:36 / All) fineX: stfu scrub
(43:39 / All) fineX: lol 30 wins
(43:45 / All) fineX: nice zep drop
(44:01 / All) fineX: noobs
(44:20 / All) 13lackBall: how you going
(44:21 / All) 13lackBall: to
(44:22 / All) 13lackBall: win
(44:25 / All) 13lackBall: wiht no units?
(44:28 / All) 13lackBall: and we towered up to
(44:30 / All) fineX: are heroes not units
(44:31 / All) fineX: idc
(44:47 / All) GOKUMAN69: you should call them hero units
(44:58 / All) clutz: haha thats soo funny
(45:00 / All) clutz: NOT
(45:01 / All) fineX: ur towers aint shit noon
(45:03 / All) clutz: EPIC FAIL
(45:12 / Allies) Schteen: Nerdrage is what makes towering really worthwhile
(45:15 / All) GOKUMAN69: 4chan.org heh
(45:25 / Allies) Schteen: This is one of the better ones I've seen!
(45:37 / All) fineX: you know whats better than the one win a day we get
(45:47 / All) fineX: your nerdragejuice oozing out of your pores
(45:52 / All) fineX: and into my gaping hungry mouth
(45:55 / All) fineX: it delights me
(46:05 / All) clutz: wow...
(46:09 / All) fineX: Mmm
(46:13 / All) fineX: come onto our vent
(46:18 / All) fineX: vent24.light-speed.com
(46:19 / All) fineX: 5109
(46:20 / All) fineX: DOTA
(46:21 / All) clutz: why?
(46:21 / All) 13lackBall: ok
(46:22 / All) 13lackBall: ok
(46:23 / All) 13lackBall: Ok
(46:31 / All) 13lackBall: dota?
(46:33 / All) 13lackBall: you play dota
(46:36 / All) fineX: no
(46:39 / All) fineX: thats just the pas...
(46:41 / All) GOKUMAN69: the pw is dota
(46:42 / All) 13lackBall: o
(46:45 / All) fineX: DOTA is pw
(46:46 / All) GOKUMAN69: caps
(47:44 / All) fineX: arent u joining
(47:48 / Allies) Schteen: Woop woop, lvl 3 terrorist blink
(48:09 / All) fineX: come on
(48:25 / All) fineX: noobs scared?
(49:31 / All) clutz: scared?
(49:33 / All) 13lackBall: yo
(49:37 / All) fineX: skype lolol
(49:38 / All) 13lackBall: your sever dont work
(49:42 / All) fineX: who actually has skype
(49:46 / All) fineX: vent24.light-speed.com
(49:48 / All) fineX: 5109
(49:49 / All) clutz: skype is soo much better u dont ahve 2 push a damn button
(49:49 / All) fineX: DOTA
(49:52 / All) fineX: its pretty easy
(49:55 / All) clutz: wont let us in
(49:59 / All) clutz: u givinmg us the wrong shit
(50:05 / All) GOKUMAN69: do you have the newest vent?
(50:06 / All) fineX: nope
(50:11 / All) fineX: do you have vent .0?
(50:13 / All) fineX: 3.0?
(50:32 / Allies) Schteen: My gem of health now!
(50:43 / All) clutz: 3.0.1
(50:44 / All) clutz: says
(50:51 / Allies) Schteen: I'll blink away with it
(50:54 / All) fineX: well obv. you're typing in info wrong
(50:56 / All) GOKUMAN69: the pw is in caps
(50:57 / All) fineX: vent24.light-speed.com
(51:00 / All) fineX: 5109
(51:02 / All) fineX: DOTA
(51:03 / All) 13lackBall: this
(51:08 / All) GOKUMAN69: dota in caps
(51:15 / All) GOKUMAN69: DOTA
(52:37 / All) 13lackBall: come
(52:39 / All) 13lackBall: to
(52:40 / All) 13lackBall: clan
(52:42 / All) 13lackBall: YGP
(52:44 / All) 13lackBall: owned
(53:29 / Allies) fineX: gold
(53:50 / Allies) GOKUMAN69: hahahah
(53:54 / Allies) fineX: rofl
(54:30 / Allies) GOKUMAN69: hahaha
(54:31 / Allies) fineX: hahahaa
(54:38 / Allies) Schteen: :')
(54:40 / Allies) GOKUMAN69: schteen geta mic fuck
(56:29 / Allies) fineX: lum
(56:34 / Allies) GOKUMAN69: me2
(57:07 / Allies) GOKUMAN69: wood
(58:20 / Allies) fineX: lunmber
(58:22 / Allies) fineX: give me lumber
(60:11 / Allies) GOKUMAN69: holy shit
(64:35 / Allies) GOKUMAN69: hahah
(65:22 / Allies) GOKUMAN69: hahah
(67:20 / Allies) fineX: lum
(67:54 / Allies) fineX: lum
(67:57 / Allies) fineX: schteen
(67:58 / Allies) fineX: lum
(68:12 / Allies) fineX: schteen gimme lumber
(68:44 / All) Schteen: Poor Death Knight :(
(69:35 / Allies) GOKUMAN69: ahahaha
(71:04 / Allies) GOKUMAN69: wood
(71:09 / Allies) fineX: me 2
(75:02 / Allies) GOKUMAN69: more wells
(75:24 / All) clutz: gg no re ill solo ur ass anyday come 2 clan ygp if u want
(75:26 / All) clutz: or u can dodge